 Dungeon Crawl Stone Soup version 0.18.1-48-g4cf74bf (webtiles) character file.

149 lorenzova the Conjurer (level 5, -1/28 HPs)
             Began as a Deep Elf Conjurer on July 28, 2016.
             Slain by a giant gecko (4 damage)
             ... on level 3 of the Dungeon.
             The game lasted 00:07:44 (2254 turns).

lorenzova the Conjurer (Deep Elf Conjurer)          Turns: 2254, Time: 00:07:45

Health: -1/28      AC:  2    Str:  5    XL:     5   Next: 9%
Magic:  0/15       EV: 13    Int: 21    God:
Gold:   194        SH:  0    Dex: 15    Spells: 3 memorised, 7 levels left

rFire  . . .     SeeInvis .     h - +0 short sword
rCold  . . .     Gourm    .     a - +0 robe
rNeg   . . .     Faith    .     (no shield)
rPois  .         Spirit   .     (no helmet)
rElec  .         Dismiss  .     (no cloak)
rCorr  .         Reflect  .     (no gloves)
SustAt .         Harm     .     (no boots)
MR     .....                    (no amulet)
Stlth  ++........               (no ring)
                                (no ring)

@: very slightly contaminated, not resistant to hostile enchantments, unstealthy
A: no striking features
a: no special abilities


You were on level 3 of the Dungeon.
You were not hungry.

You visited 1 branch of the dungeon, and saw 3 of its levels.

You collected 194 gold pieces.

Inventory:

Hand Weapons
 h - a +0 short sword (weapon)
Armour
 a - a +0 robe (worn)
 q - a cursed +0 leather armour
Jewellery
 o - an uncursed ring of fire {unknown}
Scrolls
 e - a scroll of amnesia
 f - 2 scrolls of remove curse {unknown}
 g - 2 scrolls of identify {unknown}
 i - a scroll of teleportation {unknown}
 j - a scroll of enchant weapon {unknown}
 k - a scroll of random uselessness {unknown}
 l - a scroll of noise {unknown}
 n - a scroll of fog {unknown}
Potions
 d - 2 potions of lignification {unknown}
 m - a potion of mutation {unknown}
 p - a potion of agility {unknown}
Books
 b - a book of Conjurations

   Spells                             Type                      Level
   a - Magic Dart                     Conjuration                  1
   b - Searing Ray                    Conjuration                  2
   c - Dazzling Spray                 Conjuration/Hexes            3
   d - Fulminant Prism                Conjuration/Hexes            4
   e - Iskenderun's Mystic Blast      Conjuration                  4
   f - Iskenderun's Battlesphere      Conjuration/Charms           5
Comestibles
 c - 4 bread rations


   Skills:
 - Level 2.4 Dodging
 - Level 2.4 Stealth
 * Level 5.5 Spellcasting
 * Level 5.8 Conjurations


You had 7 spell levels left.
You knew the following spells:

 Your Spells              Type           Power        Failure   Level  Hunger
a - Magic Dart            Conj           ####         1%          1    None
b - Dazzling Spray        Conj/Hex       ###...       12%         3    ##.....
c - Iskenderun's Mystic   Conj           ####....     12%         4    ####...


Dungeon Overview and Level Annotations

Branches:
Dungeon (3/15)

Altars:
Elyvilon
Xom
Yredelemnul
Zin


Message History

The giant gecko misses you.
The giant gecko bites you but does no damage.
You closely miss the giant gecko.
The giant gecko is moderately wounded.
The giant gecko bites you.
* * * LOW HITPOINT WARNING * * *
Casting: Magic Dart
Confirm with . or Enter, or press ? or * to list all spells.
You don't know that spell.
You see here a scroll labeled KIATODA XOESSU.
The giant gecko barely misses you.
Casting: Magic Dart
Confirm with . or Enter, or press ? or * to list all spells.
Aiming: Magic Dart
Press: ? - help, Shift-Dir - straight line, f/p - giant gecko
Aim: a giant gecko (moderately wounded, clinging)
You miscast Magic Dart.
You are very lightly contaminated with residual magic.
Nothing appears to happen.
The giant gecko bites you.
You die...

................. ......._..
#................ ..#.#....
#...............# #.#.##...
......[........# #.#....##
##.....#?..(.## ##.####...
#......#.##### ##.........
#...........######..........
..........#l##..............
..........#@#..##.........#.
..........#...###.........#.
....)........####...........
................#..........#
#..........##)..#...........
.................[.....#.
........................
.........####.####....#.
.........##.....## ....


You could see a giant gecko.

Vanquished Creatures
  Terence (D:3)
  A worker ant (D:3)
  3 gnolls (D:2)
  2 adders
  2 worms
  A dart slug (D:1)
  2 giant geckos
  A giant cockroach (D:2)
  A hobgoblin (D:2)
  A quokka (D:2)
  A ball python (D:1)
  8 bats
  2 giant newts
  8 goblins
  8 kobolds
  9 rats
51 creatures vanquished.

Notes
Turn   | Place    | Note
--------------------------------------------------------------
     0 | D:1      | lorenzova the Deep Elf Conjurer began the quest for the Orb.
     0 | D:1      | Reached XP level 1. HP: 10/10 MP: 6/6
   185 | D:1      | Reached XP level 2. HP: 15/15 MP: 4/8
   884 | D:2      | Reached XP level 3. HP: 19/19 MP: 6/10
  1036 | D:1      | Learned a level 3 spell: Dazzling Spray
  1047 | D:2      | Reached skill level 5 in Conjurations
  1284 | D:2      | Found a shimmering altar of Xom.
  1390 | D:2      | Reached XP level 4. HP: 24/24 MP: 8/12
  1396 | D:2      | Learned a level 4 spell: Iskenderun's Mystic Blast
  1635 | D:2      | Found a basalt altar of Yredelemnul.
  1953 | D:3      | Reached skill level 5 in Spellcasting
  2137 | D:3      | Found a glowing silver altar of Zin.
  2177 | D:3      | Noticed Terence
  2191 | D:3      | Killed Terence
  2195 | D:3      | Found a white marble altar of Elyvilon.
  2221 | D:3      | Reached XP level 5. HP: 5/28 MP: 0/14
  2254 | D:3      | Slain by a giant gecko

Skill      XL: |  1  2  3  4 |
---------------+-------------+-----
Spellcasting   | 4 5 |  5.5
Conjurations   | 5 |  5.8
Dodging        | |  2.4
Stealth        | |  2.4

Action                   |  1- 3 |  4- 6 || total
-------------------------+-------+-------++-------
Melee: Short sword       |       |    15 ||    15
 Cast: Magic Dart        |    70 |    40 ||   110
       Dazzling Spray    |     2 |     3 ||     5
  Use: Scroll            |       |     1 ||     1
 Stab: Sleeping          |       |     2 ||     2
  Eat: Chunk             |     1 |     3 ||     4
Armor: Robe              |     1 |     5 ||     6
Dodge: Dodged            |     9 |    14 ||    23
